 Dungeon Crawl Stone Soup version 0.30-a0-913-g9934a0ce24 (webtiles) character file.

Game seed: 17931571012848610173

83 bobarctor the Insei (level 4, -1/32 HPs)
             Began as a Demonspawn Transmuter on Mar 19, 2023.
             Slain by an orc
             ... wielding a +0 club
              (3 damage)
             ... on level 3 of the Dungeon.
             The game lasted 00:10:57 (2205 turns).

bobarctor the Insei (Demonspawn Transmuter)         Turns: 2205, Time: 00:10:58

Health: -1/32      AC:  2    Str: 10    XL:     4   Next: 22%
Magic:  8/8        EV: 12    Int: 16    God:
Gold:   159        SH:  4    Dex: 14    Spells: 3/9 levels left

rFire   . . .      SeeInvis +      - Unarmed
rCold   . . .      Faith    .    (no shield)
rNeg    . . .      Spirit   .    a - +0 robe
rPois   .          Reflect  .    (no helmet)
rElec   .          Rampage  .    (no cloak)
rCorr   .                        (no gloves)
Will    +....                    (no boots)
Stlth   +                        (no amulet)
HPRegen 0.25/turn                c - ring of see invisible
MPRegen 0.11/turn                g - ring of willpower

@: no status effects
A: powered by death 1, condensation shield, demonic touch 1
a: no special abilities


You were on level 3 of the Dungeon.
You visited 1 branch of the dungeon, and saw 3 of its levels.

You collected 159 gold pieces.

Inventory:

Hand Weapons
 d - a +3 dagger
Missiles
 e - 4 boomerangs
Armour
 a - a +0 robe (worn)
Jewellery
 c - a ring of see invisible (left hand)
 f - a ring of positive energy
 g - a ring of willpower (right hand)
 i - an amulet of faith
 v - a ring of resist corrosion
Wands
 p - a wand of acid (8)
Scrolls
 h - 2 scrolls of amnesia {unknown}
 j - a scroll of identify {unknown}
 k - a scroll of torment {unknown}
 m - a scroll of enchant armour {unknown}
 n - 3 scrolls of teleportation {unknown}
 o - a scroll of silence {unknown}
 q - a scroll of magic mapping {unknown}
 s - a scroll of immolation {unknown}
Potions
 b - a potion of lignification
 l - a potion of resistance {unknown}
 r - a potion of haste {unknown}
 t - a potion of heal wounds {unknown}
 u - a potion of curing {unknown}


   Skills:
 + Level 1.5 Fighting
 + Level 2.2 Dodging
 + Level 0.2 Stealth
 + Level 3.1 Unarmed Combat
 * Level 3.0 Spellcasting
 + Level 2.2 Transmutations


You had 3 spell levels left.
You knew the following spells:

 Your Spells              Type           Power      Damage    Failure   Level
a - Beastly Appendage     Tmut           18%        N/A       8%          1
b - Wereblood             Tmut           9%         N/A       12%         2
c - Spider Form           Tmut/Pois      5%         N/A       34%         3

Your spell library contained the following spells:

 Spells                   Type           Power      Damage    Failure   Level
 Ozocubu's Armour         Ice            2%         N/A       50%         3
 Ice Form                 Ice/Tmut       5%         N/A       75%         4
 Ozocubu's Refrigeration  Ice            1%         4d7       100%        7


Dungeon Overview and Level Annotations

Branches:
Dungeon (3/15)

Altars:


Innate Abilities, Weirdness & Mutations

You regenerate a little health from kills.
A meltable shield of frost defends you. (SH +4)
Your touch may inflict minor irresistible damage on your foes.


Message History

The gnoll hits you with a +0 spear!
The gnoll hits you from afar with a +0 spear.
You hit the gnoll. Your kick misses the gnoll. Your headbutt misses the gnoll.
You touch the gnoll!
The gnoll is almost dead.
You block the gnoll's attack. The gnoll closely misses you.
You hit the gnoll.
You feel a bit better.
You kill the gnoll!
You howl as the wereblood boils in your veins!
A gnoll comes into view.
It is wielding a +1 halberd of protection.
You block the gnoll's attack.
Your Spellcasting skill increases to level 3!
You hit the gnoll but do no damage.
The gnoll hits you with a +1 halberd of protection!
Ouch! That really hurt!
* * * LOW HITPOINT WARNING * * *
The gnoll barely misses you.
You hit the gnoll but do no damage.
You headbutt the gnoll, but do no damage.
Your touch misses the gnoll. You block the gnoll's attack.
The gnoll hits you from afar with a +0 spear.
* * * LOW HITPOINT WARNING * * *
The gnoll attacks as you move away! The gnoll closely misses you.
Your transformation is almost over.
You block the gnoll's attack.
Your horns disappear.
Your talons disappear.
Your primal bloodlust is almost over.
You howl as the wereblood boils in your veins!
You hear a shout!
An orc comes into view. It is wielding a +0 club.
You hit the orc. Your punch misses the orc.
The orc is almost dead.
Your primal bloodlust has ended.
The gnoll hits you from afar with a +1 halberd of protection.
* * * LOW HITPOINT WARNING * * *
The orc closely misses you.
You barely miss the orc. Your touch misses the orc.
The orc is almost dead.
The gnoll barely misses you. The orc hits you with a +0 club.
You die...

#.# ## ... ..# .
#.# ###.#.#. #.#
####.#.#... #.#
#......)... #.#
#.# #.# #######.#
#o# #>......# #@#
###..##.###. #.#
##........
#g########..###.##
#g..g.............
##########..###.##
#..............
#.#####.#######
#.# #... #.# #####


You could see 2 gnolls and an orc.

Vanquished Creatures
  2 gnolls
  A worm (D:3)
  10 endoplasms
  3 giant cockroaches
  7 goblins
  3 hobgoblins
  4 kobolds (D:1)
  3 quokkas
  9 ball pythons
  3 bats
  5 frilled lizards
  4 rats
54 creatures vanquished.

Notes
Turn   | Place    | Note
-------+----------+-------------------------------------------
     0 | D:1      | bobarctor the Demonspawn Transmuter began the quest for the
                  | Orb.
     0 | D:1      | Reached XP level 1. HP: 15/15 MP: 3/3
   147 | D:1      | Gained mutation: You regenerate a little health from kills.
                  | [demonic ancestry]
   147 | D:1      | Reached XP level 2. HP: 21/21 MP: 3/5
   177 | D:1      | Learned a level 2 spell: Wereblood
   349 | D:1      | Gained mutation: A meltable shield of frost defends you.
                  | (SH +4) [demonic ancestry]
   349 | D:1      | Reached XP level 3. HP: 5/26 MP: 4/6
   918 | D:2      | Learned a level 3 spell: Spider Form
  1982 | D:3      | Gained mutation: Your touch may inflict minor irresistible
                  | damage on your foes. [demonic ancestry]
  1982 | D:3      | Reached XP level 4. HP: 30/32 MP: 8/8
  2186 | D:3      | HP: 1/32 [gnoll/+0 spear (4)]
  2205 | D:3      | Slain by an orc

Illustrated notes

Levels and vault maps discovered:
D:1:      minmay_arrival_jagged, layout_basic, chequers_serial_rivers_micro_b,
          dreamdust_wishing_well, st_stairs_5
D:2:      layout_loops_cross
D:3:      layout_basic, nicolae_eternal_life

Skill      XL: |  1  2  3  4 |
---------------+-------------+-----
Dodging        | 2 |  2.2
Unarmed Combat | 3 |  3.1
Transmutations | 2 |  2.2
Spellcasting   | 3 |  3.0
Fighting       | |  1.5
Stealth        | |  0.2

Action                     |  1- 3 |  4- 6 || total
---------------------------+-------+-------++-------
  Melee: Unarmed           |    12 |    12 ||    24
         Kick              |    17 |     2 ||    19
         Dagger            |   116 |       ||   116
         Headbutt          |    10 |     2 ||    12
         Punch             |     2 |       ||     2
         Touch             |       |     4 ||     4
   Cast: Beastly Appendage |    20 |     3 ||    23
         Wereblood         |     2 |     1 ||     3
   Stab: Sleeping          |     4 |       ||     4
 Armour: Robe              |    14 |       ||    14
  Dodge: Dodged            |    64 |     6 ||    70
  Block: Other             |    12 |     5 ||    17

Table legend: (Time is in decaauts)
 A = Elapsed time spent in this place.
 B = Non-inter-level travel time spent in this place.
 C = Inter-level travel time spent in this place.
 D = Time resting spent in this place.
 E = Time spent auto-exploring this place.
 F = Levels seen in this place.
 G = Mean time per level.
                   A        B        C        D        E       F      G
               +--------+--------+--------+--------+--------+-----+--------+
         Total |   2202 |   2190 |     12 |    164 |   1573 |   3 |  734.0 |
       Dungeon |   2202 |   2190 |     12 |    164 |   1573 |   3 |  734.0 |
               +--------+--------+--------+--------+--------+-----+--------+

Top non-repeatable levels by time:
     D:1: 828 daAuts
     D:2: 767 daAuts
     D:3: 606 daAuts
